 Dungeon Crawl Stone Soup version 0.18.1-48-g4cf74bf (webtiles) character file.

165 Jerry the Ducker (level 5, -5/35 HPs)
             Began as a Merfolk Ice Elementalist on July 12, 2016.
             Slain by a gnoll
             ... wielding a +0 spear
              (8 damage)
             ... on level 3 of the Dungeon.
             The game lasted 00:08:15 (1891 turns).

Jerry the Ducker (Merfolk Ice Elementalist)         Turns: 1891, Time: 00:08:16

Health: -5/35      AC:  2    Str:  8    XL:     5   Next: 46%
Magic:  8/8        EV: 15    Int: 15    God:
Gold:   122        SH:  0    Dex: 15    Spells: 2 memorised, 4 levels left

rFire  . . .     SeeInvis .     l - +0 hunting sling
rCold  . . .     Gourm    .     a - +0 robe
rNeg   . . .     Faith    .     (no shield)
rPois  .         Spirit   .     (no helmet)
rElec  .         Dismiss  .     (no cloak)
rCorr  .         Reflect  .     (no gloves)
SustAt .         Harm     .     (no boots)
MR     .....                    (no amulet)
Stlth  ++........               (no ring)
                                (no ring)

@: not resistant to hostile enchantments, unstealthy
A: change form in water, swift swim
a: no special abilities


You were on level 3 of the Dungeon.
You were not hungry.

You visited 1 branch of the dungeon, and saw 3 of its levels.

You collected 122 gold pieces.

Inventory:

Hand Weapons
 j - a +0 dagger of venom
 l - a +0 hunting sling (weapon)
 q - a +0 halberd
Missiles
 e - 40 stones (quivered)
Armour
 a - a +0 robe (worn)
Scrolls
 d - 2 scrolls of fear {unknown}
 m - a scroll of identify {unknown}
Potions
 f - a potion of curing {unknown}
 h - a potion of magic {unknown}
 i - 2 potions of cure mutation {unknown}
 n - a potion of haste {unknown}
 p - a potion of heal wounds {unknown}
Books
 b - a book of Frost

   Spells                             Type                      Level
   a - Freeze                         Ice                          1
   b - Throw Frost                    Conjuration/Ice              2
   c - Ozocubu's Armour               Charms/Ice                   3
   d - Throw Icicle                   Conjuration/Ice              4
   e - Summon Ice Beast               Ice/Summoning                4
Comestibles
 c - 2 bread rations
 k - 2 meat rations
 o - 8 chunks of flesh


   Skills:
 + Level 1.1 Polearms
 + Level 5.2 Dodging
 - Level 2.1 Stealth
 - Level 2.0 Spellcasting
   Level 0.7 Conjurations
 + Level 2.3 Charms
 - Level 4.4 Ice Magic


You had 4 spell levels left.
You knew the following spells:

 Your Spells              Type           Power        Failure   Level  Hunger
a - Freeze                Ice            ##..         4%          1    #......
b - Ozocubu's Armour      Chrm/Ice       ##......     21%         3    ###....


Dungeon Overview and Level Annotations

Branches:
Dungeon (3/15)

Altars:


Message History

Press: ? - help, Shift-Dir - straight line, f/p - gnoll
Aim: a gnoll, wielding a spear You shoot a stone.
The stone closely misses the gnoll.
The stone hits the gnoll but does no damage.
The gnoll hits you from afar with a spear.
Firing (i - inventory):
e - 42 stones (quivered)
Press: ? - help, Shift-Dir - straight line, f/p - gnoll
Aim: a gnoll, wielding a spear You shoot a stone.
The stone hits the gnoll.
The gnoll is moderately wounded.
The gnoll hits you from afar with a spear.
Firing (i - inventory):
e - 41 stones (quivered)
Press: ? - help, Shift-Dir - straight line, f/p - gnoll
Aim: a gnoll, wielding a spear (moderately wounded)
You shoot a stone. The stone barely misses the gnoll.
The stone closely misses the gnoll.
The gnoll hits you from afar with a spear!
* * * LOW HITPOINT WARNING * * *
The gnoll hits you from afar with a spear!
You die...

#.....<#
#.....####.#
#..........#
#......##### #
#.###...# #.
#.......#
###.########.#
.......#####.#
#(.gg(@..#
#.(#######
.g)(.g..#
.###.#.## ..
.( ## .## #. #


You could see 2 gnolls.

Vanquished Creatures
  4 gnolls
  7 adders
  A worm (D:2)
  2 giant geckos
  9 bats
  3 giant cockroaches
  5 goblins
  4 hobgoblins
  A jackal (D:1)
  A quokka (D:2)
  3 giant newts (D:1)
  14 kobolds
  7 rats
61 creatures vanquished.

Notes
Turn   | Place    | Note
--------------------------------------------------------------
     0 | D:1      | Jerry the Merfolk Ice Elementalist began the quest for the Orb.
     0 | D:1      | Reached XP level 1. HP: 13/13 MP: 3/3
   148 | D:1      | Reached skill level 3 in Dodging
   176 | D:1      | Reached XP level 2. HP: 19/19 MP: 3/5
   667 | D:1      | Reached XP level 3. HP: 24/24 MP: 6/6
   893 | D:2      | Reached skill level 4 in Dodging
  1075 | D:2      | Reached XP level 4. HP: 30/30 MP: 5/7
  1080 | D:2      | Learned a level 3 spell: Ozocubu's Armour
  1286 | D:2      | Reached skill level 1 in Charms
  1660 | D:2      | Reached XP level 5. HP: 35/35 MP: 8/8
  1665 | D:2      | Reached skill level 5 in Dodging
  1884 | D:3      | Reached skill level 1 in Polearms
  1891 | D:3      | Slain by a gnoll

Skill      XL: |  1  2  3  4  5 |
---------------+----------------+-----
Dodging        | 3 4 5 |  5.2
Ice Magic      | 4 |  4.4
Charms         | 1 2 |  2.3
Polearms       | 1 |  1.1
Stealth        | |  2.1
Spellcasting   | |  2.0
Conjurations   | |  0.7

Action                   |  1- 3 |  4- 6 || total
-------------------------+-------+-------++-------
Melee: Mace              |     2 |       ||     2
       Halberd           |       |     8 ||     8
 Fire: Hunting sling     |    47 |    58 ||   105
Throw: Stone             |    40 |       ||    40
 Cast: Freeze            |    19 |    29 ||    48
  Use: Scroll            |     2 |       ||     2
 Stab: Sleeping          |     1 |       ||     1
  Eat: Chunk             |       |     4 ||     4
Armor: Robe              |     2 |     6 ||     8
Dodge: Dodged            |    14 |    33 ||    47
